 Dungeon Crawl Stone Soup version 0.23-a0-143-g1adec7bb76 (webtiles) character file.

105 MirrMurr the Shield-Bearer (level 4, 0/31 HPs)
             Began as an Octopode Fighter on Sept 2, 2018.
             Killed from afar by a white imp (10 damage)
             ... with a puff of frost
             ... summoned by Natasha
             ... on level 3 of the Dungeon.
             The game lasted 00:05:16 (2346 turns).

MirrMurr the Shield-Bearer (Octopode Fighter)       Turns: 2346, Time: 00:05:17

Health: 0/31       AC:  1    Str: 15    XL:     4   Next: 81%
Magic:  4/4        EV: 12    Int: 10    God:
Gold:   125        SH:  9    Dex: 12    Spells: 3/3 levels left

rFire    . . .     SeeInvis .   a - +0 trident
rCold    . . .     Gourm    .   h - +0 shield
rNeg     . . .     Faith    .   (helmet restricted)
rPois    .         Spirit   .   (no amulet)
rElec    .         Reflect  .   (no ring)
rCorr    .         Harm     .   (no ring)
MR       .....                  (no ring)
Stlth    +++.......             (no ring)
HPRegen  0.10/turn              (no ring)
MPRegen  0.09/turn              (no ring)
                                (no ring)
                                (no ring)

@: slowed, very slow
A: almost no armour, stealthy swim, amphibious, 8 rings, constrict 8, camouflage
1, gelatinous body 1
a: no special abilities


You were on level 3 of the Dungeon.
You were not hungry.

You visited 1 branch of the dungeon, and saw 3 of its levels.

You collected 125 gold pieces.

Inventory:

Hand Weapons
 a - a +0 trident (weapon)
 b - a +0 hunting sling
 q - a +0 blowgun
 w - a +2 dagger of freezing
Missiles
 i - 14 poisoned needles
 j - 6 stones (quivered)
 n - 14 bolts
Armour
 h - a +0 shield (worn)
Wands
 p - a wand of acid (6)
Scrolls
 e - a scroll of teleportation {unknown}
 f - a scroll of magic mapping {unknown}
 g - a scroll of immolation {unknown}
 l - a scroll of amnesia {unknown}
 o - a scroll of identify
Potions
 c - 2 potions of might
 k - 4 potions of curing
 m - 2 potions of mutation
 s - a potion of ambrosia
 t - a potion of resistance {unknown}
Comestibles
 d - 7 rations
 u - 7 chunks of flesh


   Skills:
 + Level 3.5 Fighting
 * Level 3.3 Polearms
 + Level 3.5 Dodging
 + Level 0.9 Stealth
 + Level 3.5 Shields


You had 3 spell levels left.
You didn't know any spells.
Your spell library was empty.

Dungeon Overview and Level Annotations

Branches:
Dungeon (3/15)

Altars:

Annotations:
D:2 1 runed door yiuf?
D:3 Natasha


Innate Abilities, Weirdness & Mutations

You cannot wear most types of armour.
You are very stealthy in the water. (Stealth+)
You are amphibious.
You can wear up to eight rings at the same time.
You can use your tentacles to constrict eight enemies at once.
Your skin changes colour to match your surroundings (Stealth+).
Your rubbery body absorbs attacks. (AC +1, EV +1)


Message History

The orc misses you. The white imp puffs mist at you.
The white imp barely misses you. You block Natasha's attack.
You miss Natasha. Your grab misses Natasha.
Natasha is heavily wounded.
The white imp hits you.
* * * LOW HITPOINT WARNING * * *
The white imp freezes you.
* * * LOW HITPOINT WARNING * * *
The orc hits you with a flail.
* * * LOW HITPOINT WARNING * * *
Natasha stares at you and mumbles some strange words.
You resist with some effort. You block the white imp's attack.
The orc misses you.
Natasha extends her claws.
You block Natasha's attack.
You feel better. The white imp gestures at you. The puff of frost hits you!
You die...

..# ################..##
...................#
...................#
......o............#
((...(h@(...[......###.
()...(5.........).....
......................
...................#
.(.................#
...................#
..........)........#
...................#
...................#####


You could see Natasha, a white imp and an orc.

Vanquished Creatures
  Natasha (D:3)
  2 adders (D:2)
  2 oozes
  2 worms (D:2)
  2 dart slugs (D:2)
  A leopard gecko (D:1)
  A giant cockroach (D:3)
  2 goblins
  7 hobgoblins
  4 jackals
  2 quokkas
  5 bats
  2 frilled lizards
  6 kobolds
  4 rats
43 creatures vanquished.

Notes
Turn   | Place    | Note
-------+----------+-------------------------------------------
     0 | D:1      | MirrMurr the Octopode Fighter began the quest for the Orb.
     0 | D:1      | Reached XP level 1. HP: 16/16 MP: 1/1
    12 | D:1      | Reached XP level 2. HP: 8/21 MP: 2/2
   728 | D:1      | Reached XP level 3. HP: 24/26 MP: 3/3
  1813 | D:2      | Reached XP level 4. HP: 29/31 MP: 4/4
  2053 | D:2      | Found a runed door.
  2186 | D:3      | Noticed Natasha
  2197 | D:3      | Killed Natasha
  2336 | D:3      | Noticed Natasha
  2346 | D:3      | Killed from afar by a white imp

Vault maps used:
D:1:      lightli_arrival_boilingwater
D:2:      roderic_st_hans_cross, uniq_crazy_yiuf_cottage
D:3:      first_ration, uniq_sigmund, uniq_grinder, uniq_natasha

Skill      XL: |  1  2  3 |
---------------+----------+-----
Polearms       | 3 |  3.3
Fighting       | |  3.5
Dodging        | |  3.5
Stealth        | |  0.9
Shields        | |  3.5

Action                   |  1- 3 |  4- 6 || total
-------------------------+-------+-------++-------
Melee: Trident           |    72 |    13 ||    85
       Constrict         |    15 |     2 ||    17
       Tentacles         |    10 |     2 ||    12
 Fire: Hunting sling     |    36 |    20 ||    56
  Use: Scroll            |     1 |     5 ||     6
       Potion            |       |     1 ||     1
 Stab: Sleeping          |     3 |     3 ||     6
  Eat: Chunk             |     2 |     2 ||     4
Armor: Skin              |     5 |       ||     5
Dodge: Dodged            |    32 |     9 ||    41
Block: Shield            |    24 |     8 ||    32

Table legend:
 A = Non-vault XP
 B = Vault XP
 C = Vault XP percentage of total XP
 D = Non-vault monster count
 E = Vault monster count
 F = Vault count percentage of total count
                 A         B        C        D         E       F
            +---------+---------+-------+---------+---------+-------
      Total |     115 |      35 |  23.3 |      42 |       1 |   2.3
            +---------+---------+-------+---------+---------+-------
        D:1 |      34 |       0 |   0.0 |      18 |       0 |   0.0
        D:2 |      66 |       0 |   0.0 |      15 |       0 |   0.0
        D:3 |      15 |      35 |  70.0 |       9 |       1 |  10.0
            +---------+---------+-------+---------+---------+-------
